General information
- name: BNet
- type: Ladder team game (AT/RT)
- host: Battle.net
- saver: 13fr6
map: TwilightRuins
- players: 8
- length: 64:25
- speed: Fast
- version: 1.27 W3XP
- replay type: Public
» download(399 KB)
Players
team 1 (winner)
kiggatron (
teal | 31 APM | 1547 actions | 49:15)
2 Death Knight
1 Death Coil
1 Unholy Aura
5 Dreadlord
3 Sleep
2 Vampiric Aura
» actions
| Assign group hotkey | 19 | |
| Basic commands | 121 | |
| Build / train | 36 | |
| Enter build submenu | 10 | |
| Enter hero's abilities submenu | 8 | |
| Remove unit from queue | 7 | |
| Right click | 830 | |
| Select / deselect | 298 | |
| Select group hotkey | 174 | |
| Use ability | 44 | |
1547 total
» units
| Acolyte | 7 | |
| Ghoul | 2 | |
| Crypt Fiend | 9 | |
18 total
» upgrades
» buildings
| Crypt | 1 | |
| Graveyard | 1 | |
| Altar of Darkness | 1 | |
| Ziggurat | 4 | |
| Tomb of Relics | 1 | |
| Halls of the Dead | 1 | |
9 total
» build order
00:36 Crypt
00:39 Graveyard
00:50 Altar of Darkness
00:57 Ziggurat
01:33 Ziggurat
01:40 Tomb of Relics
03:52 Ziggurat
04:43 Ziggurat
06:01 Halls of the Dead
» items
13fr6 (
red | 56 APM | 3603 actions | 64:25)
6 Blood Mage
3 Flame Strike
1 Siphon Mana
1 Banish
1 Summon Phoenix
4 Pit Lord
2 Rain of Fire
2 Cleaving Attack
» actions
| Assign group hotkey | 43 | |
| Basic commands | 170 | |
| Build / train | 188 | |
| Enter build submenu | 84 | |
| Enter hero's abilities submenu | 10 | |
| Give item / drop item | 3 | |
| Right click | 1526 | |
| Select / deselect | 551 | |
| Select group hotkey | 667 | |
| Use ability | 360 | |
3603 total
» units
| Peasant | 53 | |
| Footman | 8 | |
| Rifleman | 4 | |
| Goblin Shredder | 4 | |
| Dragonhawk Rider | 10 | |
| Gryphon Rider | 15 | |
| Goblin Sapper | 1 | |
| Knight | 1 | |
96 total
» upgrades
| Masonry | 3 | |
| Storm Hammers | 1 | |
| Cloud | 1 | |
| Animal War Training | 1 | |
6 total
» buildings
| Lumber Mill | 4 | |
| Barracks | 1 | |
| Farm | 23 | |
| Altar of Kings | 1 | |
| Blacksmith | 1 | |
| Arcane Vault | 1 | |
| Town Hall | 6 | |
| Scout Tower | 50 | |
| Guard Tower | 34 | |
| Keep | 2 | |
| Gryphon Aviary | 3 | |
| Castle | 1 | |
127 total
» build order
00:30 Lumber Mill
00:44 Lumber Mill
00:58 Barracks
01:12 Farm
01:27 Altar of Kings
01:44 Farm
02:26 Blacksmith
02:51 Farm
03:12 Arcane Vault
03:33 Farm
04:22 Town Hall
05:52 Lumber Mill
06:30 Town Hall
06:33 Scout Tower
07:13 Guard Tower
07:14 Scout Tower
07:18 Scout Tower
07:32 Scout Tower
07:33 Scout Tower
07:33 Scout Tower
08:09 Guard Tower
08:58 Scout Tower
09:01 Scout Tower
09:03 Scout Tower
09:05 Guard Tower
09:06 Scout Tower
09:44 Keep
09:44 Keep
09:45 Guard Tower
10:04 Guard Tower
10:04 Guard Tower
10:42 Lumber Mill
10:51 Scout Tower
10:53 Scout Tower
10:55 Scout Tower
10:57 Scout Tower
11:07 Scout Tower
11:23 Guard Tower
11:27 Scout Tower
11:29 Guard Tower
12:28 Farm
12:32 Farm
12:33 Farm
15:00 Gryphon Aviary
15:01 Gryphon Aviary
15:03 Gryphon Aviary
15:57 Scout Tower
15:58 Scout Tower
15:59 Scout Tower
16:02 Scout Tower
16:12 Town Hall
16:22 Scout Tower
16:23 Scout Tower
16:24 Scout Tower
16:25 Guard Tower
16:30 Scout Tower
17:40 Castle
17:41 Guard Tower
17:45 Guard Tower
18:35 Farm
18:39 Farm
18:40 Guard Tower
19:10 Farm
20:38 Town Hall
21:00 Farm
21:02 Farm
23:03 Scout Tower
23:04 Scout Tower
23:04 Scout Tower
23:05 Scout Tower
23:09 Scout Tower
23:09 Scout Tower
23:12 Scout Tower
23:13 Scout Tower
25:43 Guard Tower
25:44 Scout Tower
25:48 Guard Tower
25:48 Guard Tower
25:48 Guard Tower
26:26 Guard Tower
26:28 Guard Tower
26:29 Guard Tower
26:31 Guard Tower
26:31 Guard Tower
26:51 Guard Tower
31:33 Guard Tower
31:33 Guard Tower
41:44 Town Hall
45:30 Farm
45:38 Farm
46:00 Farm
46:05 Farm
46:07 Farm
46:10 Farm
46:12 Farm
47:20 Farm
48:16 Farm
48:51 Farm
48:53 Farm
50:35 Town Hall
50:49 Scout Tower
50:49 Scout Tower
50:50 Scout Tower
50:50 Scout Tower
50:51 Scout Tower
50:51 Scout Tower
52:33 Guard Tower
52:44 Guard Tower
53:12 Guard Tower
53:19 Scout Tower
53:48 Guard Tower
53:50 Scout Tower
54:06 Guard Tower
54:14 Scout Tower
55:05 Guard Tower
55:54 Scout Tower
55:56 Scout Tower
56:36 Guard Tower
56:37 Scout Tower
56:38 Scout Tower
56:38 Scout Tower
56:39 Scout Tower
56:39 Scout Tower
56:39 Scout Tower
» items
| Scroll of Regeneration | 4 | |
| Scroll of Town Portal | 8 | |
| Potion of Healing | 2 | |
| Potion of Mana | 2 | |
| Scroll of Healing | 5 | |
| Lesser Clarity Potion | 2 | |
| Staff of Sanctuary | 1 | |
| Potion of Lesser Invulnerability | 2 | |
| Scroll of Protection | 1 | |
| Rod of Necromancy | 1 | |
| Dust of Appearance | 2 | |
30 total
hesheitsmussmit (
orange | 88 APM | 5657 actions | 64:24)
9 Demon Hunter
3 Mana Burn
3 Evasion
1 Metamorphosis
2 Immolation
7 Priestess of the Moon
3 Trueshot Aura
3 Searing Arrows
1 Starfall
3 Keeper of the Grove
1 Entangling Roots
2 Force of Nature
» actions
| Assign group hotkey | 52 | |
| Basic commands | 25 | |
| Build / train | 156 | |
| Enter build submenu | 52 | |
| Enter hero's abilities submenu | 19 | |
| Give item / drop item | 8 | |
| Remove unit from queue | 15 | |
| Right click | 2588 | |
| Select / deselect | 818 | |
| Select group hotkey | 1736 | |
| Use ability | 187 | |
5657 total
» units
| Wisp | 58 | |
| Archer | 8 | |
| Dryad | 17 | |
| Mountain Giant | 2 | |
| Glaive Thrower | 9 | |
94 total
» upgrades
| Strength of the Wild | 3 | |
| Reinforced Hides | 3 | |
| Ultravision | 1 | |
| Abolish Magic | 1 | |
| Well Spring | 1 | |
| Hardened Skin | 1 | |
| Resistant Skin | 1 | |
| Vorpal Blades | 1 | |
12 total
» buildings
| Ancient of War | 4 | |
| Moon Well | 11 | |
| Altar of Elders | 2 | |
| Ancient of Wonders | 3 | |
| Hunter's Hall | 2 | |
| Tree of Ages | 2 | |
| Ancient Protector | 13 | |
| Ancient of Lore | 2 | |
| Tree of Life | 9 | |
| Tree of Eternity | 2 | |
50 total
» build order
00:20 Ancient of War
00:32 Moon Well
00:46 Altar of Elders
01:41 Ancient of Wonders
02:07 Moon Well
02:32 Moon Well
02:54 Hunter's Hall
04:24 Tree of Ages
04:59 Ancient Protector
05:03 Ancient Protector
05:11 Ancient Protector
06:24 Moon Well
06:54 Ancient of Lore
06:58 Ancient of Lore
09:07 Tree of Life
10:18 Tree of Eternity
11:19 Moon Well
11:23 Moon Well
12:15 Moon Well
13:54 Ancient of War
15:51 Tree of Life
19:31 Tree of Life
21:45 Moon Well
21:48 Moon Well
23:22 Tree of Ages
25:46 Tree of Eternity
28:38 Ancient of Wonders
29:16 Ancient Protector
30:09 Ancient Protector
30:12 Ancient Protector
30:15 Ancient Protector
30:29 Ancient Protector
31:28 Tree of Life
39:26 Tree of Life
40:35 Tree of Life
42:02 Tree of Life
43:08 Ancient of War
43:52 Moon Well
45:37 Moon Well
45:52 Hunter's Hall
48:38 Ancient Protector
48:41 Ancient Protector
48:47 Altar of Elders
49:26 Ancient of War
51:14 Ancient of Wonders
52:46 Tree of Life
59:57 Tree of Life
62:18 Ancient Protector
62:22 Ancient Protector
62:27 Ancient Protector
» items
| Boots of Speed | 2 | |
| Potion of Lesser Invulnerability | 2 | |
| Staff of Teleportation | 1 | |
| Scroll of Town Portal | 2 | |
| Scroll of Healing | 2 | |
| Potion of Healing | 1 | |
10 total
Compote (
green | 22 APM | 1444 actions | 64:24)
7 Archmage
3 Summon Water Elemental
3 Brilliance Aura
1 Mass Teleport
4 Dark Ranger
2 Black Arrow
2 Silence
3 Firelord
2 Summon Lava Spawn
1 Incinerate
» actions
| Basic commands | 1 | |
| Build / train | 95 | |
| Enter build submenu | 35 | |
| Enter hero's abilities submenu | 14 | |
| Right click | 767 | |
| Select / deselect | 364 | |
| Use ability | 168 | |
1444 total
» units
| Peasant | 18 | |
| Footman | 5 | |
| Knight | 2 | |
| Sorceress | 7 | |
| Priest | 3 | |
| Rifleman | 8 | |
| Spell Breaker | 1 | |
| Flying Machine | 6 | |
50 total
» upgrades
| Lumber Harvesting | 2 | |
| Sorceress Training | 2 | |
| Priest Training | 2 | |
| Gunpowder | 3 | |
| Swords | 1 | |
| Animal War Training | 1 | |
| Long Rifles | 1 | |
| Armor | 2 | |
| Masonry | 1 | |
| Barrage | 1 | |
| Flak Cannons | 1 | |
| Flying Machine Bombs | 1 | |
| Plating | 1 | |
19 total
» buildings
| Altar of Kings | 1 | |
| Farm | 13 | |
| Barracks | 2 | |
| Keep | 3 | |
| Town Hall | 1 | |
| Lumber Mill | 1 | |
| Blacksmith | 1 | |
| Scout Tower | 7 | |
| Castle | 1 | |
| Arcane Sanctum | 2 | |
| Guard Tower | 4 | |
| Arcane Vault | 1 | |
| Workshop | 4 | |
41 total
» build order
00:20 Altar of Kings
00:35 Farm
00:49 Barracks
01:11 Farm
01:48 Farm
02:30 Farm
03:18 Keep
03:18 Keep
03:59 Town Hall
04:16 Lumber Mill
04:35 Blacksmith
05:33 Scout Tower
05:45 Castle
06:16 Arcane Sanctum
06:19 Arcane Sanctum
06:22 Guard Tower
06:25 Scout Tower
07:39 Barracks
07:41 Farm
07:50 Arcane Vault
09:48 Farm
09:49 Farm
09:51 Farm
10:19 Guard Tower
10:21 Scout Tower
11:10 Farm
11:13 Scout Tower
11:51 Guard Tower
11:55 Scout Tower
12:01 Farm
12:08 Scout Tower
15:30 Guard Tower
16:23 Farm
16:27 Farm
17:55 Workshop
17:57 Workshop
19:22 Workshop
19:25 Workshop
19:38 Farm
20:21 Scout Tower
» items
team 2 (loser)

»
bettman (
yellow | 87 APM | 5620 actions | 64:24)
7 Death Knight
2 Death Coil
3 Unholy Aura
1 Death Pact
1 Animate Dead
6 Dreadlord
2 Vampiric Aura
3 Sleep
1 Inferno
1 Crypt Lord
1 Spiked Carapace
» actions
| Assign group hotkey | 28 | |
| Basic commands | 224 | |
| Build / train | 107 | |
| ESC pressed | 2 | |
| Enter build submenu | 39 | |
| Enter hero's abilities submenu | 15 | |
| Give item / drop item | 8 | |
| Remove unit from queue | 5 | |
| Right click | 1774 | |
| Select / deselect | 461 | |
| Select group hotkey | 2778 | |
| Use ability | 179 | |
5620 total
» units
| Acolyte | 18 | |
| Ghoul | 5 | |
| Crypt Fiend | 7 | |
| Obsidian Statue | 6 | |
| Mur'gul Snarecaster | 1 | |
| Gargoyle | 1 | |
| Necromancer | 3 | |
| Frost Wyrm | 2 | |
43 total
» upgrades
| Creature Attack | 3 | |
| Creature Carapace | 4 | |
| Web | 1 | |
| Necromancer Training | 2 | |
| Skeletal Longevity | 1 | |
| Destroyer Form | 1 | |
| Skeletal Mastery | 1 | |
| Freezing Breath | 1 | |
14 total
» buildings
| Crypt | 2 | |
| Altar of Darkness | 1 | |
| Ziggurat | 14 | |
| Graveyard | 2 | |
| Tomb of Relics | 2 | |
| Necropolis | 6 | |
| Halls of the Dead | 1 | |
| Slaughterhouse | 2 | |
| Temple of the Damned | 1 | |
| Sacrificial Pit | 1 | |
| Spirit Tower | 6 | |
| Black Citadel | 1 | |
| Boneyard | 2 | |
| Nerubian Tower | 1 | |
42 total
» build order
00:50 Crypt
00:51 Altar of Darkness
00:54 Ziggurat
01:02 Graveyard
01:14 Tomb of Relics
01:30 Ziggurat
03:58 Ziggurat
04:48 Necropolis
06:10 Halls of the Dead
06:24 Ziggurat
06:37 Ziggurat
06:39 Tomb of Relics
09:13 Slaughterhouse
09:14 Temple of the Damned
09:19 Sacrificial Pit
09:22 Slaughterhouse
09:26 Spirit Tower
10:57 Graveyard
11:53 Black Citadel
12:09 Crypt
15:20 Ziggurat
15:20 Ziggurat
15:21 Ziggurat
15:22 Ziggurat
17:52 Boneyard
17:56 Boneyard
21:30 Spirit Tower
21:31 Nerubian Tower
21:49 Spirit Tower
21:50 Spirit Tower
22:44 Spirit Tower
22:47 Spirit Tower
29:55 Necropolis
31:16 Necropolis
34:09 Necropolis
37:19 Ziggurat
39:03 Ziggurat
39:04 Ziggurat
39:14 Necropolis
39:24 Necropolis
39:26 Ziggurat
42:07 Ziggurat
» items
| Periapt of Vitality | 3 | |
| Circlet of Nobility | 3 | |
| Boots of Speed | 1 | |
| Scroll of Healing | 1 | |
| Potion of Lesser Invulnerability | 1 | |
| Scroll of Town Portal | 4 | |
| Orb of Corruption | 2 | |
| Healing Salve | 3 | |
| Orb of Lightning | 1 | |
19 total
KamilPL (
blue | 67 APM | 3632 actions | 54:34)
4 Keeper of the Grove
1 Entangling Roots
3 Thorns Aura
1 Warden
1 Fan of Knives
» actions
| Assign group hotkey | 587 | |
| Basic commands | 133 | |
| Build / train | 63 | |
| ESC pressed | 3 | |
| Enter build submenu | 28 | |
| Enter hero's abilities submenu | 6 | |
| Remove unit from queue | 5 | |
| Right click | 1703 | |
| Select / deselect | 730 | |
| Select group hotkey | 208 | |
| Use ability | 166 | |
3632 total
» units
| Wisp | 29 | |
| Druid of the Claw | 11 | |
40 total
» upgrades
| Strength of the Wild | 2 | |
| Druid of the Claw Training | 2 | |
| Reinforced Hides | 1 | |
| Mark of the Claw | 1 | |
6 total
» buildings
| Altar of Elders | 1 | |
| Moon Well | 7 | |
| Tree of Ages | 5 | |
| Hunter's Hall | 1 | |
| Ancient of Lore | 4 | |
| Tree of Eternity | 1 | |
| Tree of Life | 1 | |
| Ancient Protector | 10 | |
30 total
» build order
00:21 Altar of Elders
00:26 Moon Well
01:17 Moon Well
01:55 Tree of Ages
01:55 Tree of Ages
01:55 Tree of Ages
02:54 Hunter's Hall
04:20 Ancient of Lore
04:21 Ancient of Lore
04:53 Tree of Eternity
05:15 Moon Well
08:58 Moon Well
09:03 Moon Well
09:57 Tree of Life
11:40 Moon Well
11:42 Moon Well
17:44 Ancient of Lore
17:45 Ancient of Lore
17:49 Ancient Protector
17:52 Ancient Protector
17:55 Ancient Protector
19:37 Ancient Protector
19:39 Ancient Protector
19:41 Ancient Protector
19:43 Ancient Protector
19:49 Ancient Protector
19:54 Ancient Protector
20:04 Ancient Protector
Code (
purple | 35 APM | 1930 actions | 54:41)
7 Warden
3 Shadow Strike
3 Blink
1 Spirit of Vengeance
» actions
| Build / train | 113 | |
| Enter build submenu | 36 | |
| Enter hero's abilities submenu | 7 | |
| Give item / drop item | 3 | |
| Remove unit from queue | 3 | |
| Right click | 1156 | |
| Select / deselect | 453 | |
| Use ability | 159 | |
1930 total
» units
| Wisp | 58 | |
| Huntress | 4 | |
| Hippogryph | 5 | |
| Chimaera | 16 | |
83 total
» upgrades
| Strength of the Wild | 2 | |
| Corrosive Breath | 1 | |
| Reinforced Hides | 2 | |
5 total
» buildings
| Altar of Elders | 1 | |
| Moon Well | 15 | |
| Hunter's Hall | 2 | |
| Ancient of War | 3 | |
| Tree of Ages | 3 | |
| Tree of Eternity | 2 | |
| Ancient of Wind | 1 | |
| Chimaera Roost | 2 | |
| Tree of Life | 10 | |
39 total
» build order
00:17 Altar of Elders
00:25 Moon Well
01:08 Hunter's Hall
01:36 Ancient of War
02:04 Moon Well
03:30 Tree of Ages
03:59 Moon Well
05:57 Tree of Eternity
06:02 Ancient of Wind
06:05 Moon Well
08:02 Moon Well
08:21 Chimaera Roost
08:29 Chimaera Roost
08:47 Moon Well
10:01 Moon Well
11:52 Tree of Life
13:54 Tree of Life
18:35 Tree of Life
22:38 Tree of Ages
25:30 Tree of Eternity
28:41 Tree of Life
29:01 Moon Well
31:12 Moon Well
31:40 Moon Well
34:13 Tree of Life
37:44 Tree of Life
37:54 Tree of Ages
38:37 Tree of Life
39:18 Moon Well
41:45 Tree of Life
43:12 Moon Well
44:20 Moon Well
44:50 Ancient of War
45:15 Ancient of War
45:25 Moon Well
45:36 Moon Well
46:57 Hunter's Hall
51:43 Tree of Life
52:26 Tree of Life
» items
| Scroll of Town Portal | 3 | |
| Periapt of Vitality | 1 | |
| Potion of Lesser Invulnerability | 1 | |
| Potion of Mana | 1 | |
| Orb of Lightning | 1 | |
| Potion of Healing | 1 | |
| Staff of Teleportation | 1 | |
9 total
Zamas (
pink | 48 APM | 3093 actions | 64:24)
6 Blademaster
3 Critical Strike
3 Wind Walk
3 Shadow Hunter
2 Healing Wave
1 Serpent Ward
» actions
| Basic commands | 6 | |
| Build / train | 136 | |
| ESC pressed | 1 | |
| Enter build submenu | 108 | |
| Enter hero's abilities submenu | 9 | |
| Give item / drop item | 5 | |
| Right click | 2050 | |
| Select / deselect | 604 | |
| Use ability | 172 | |
3093 total
» units
| Peon | 25 | |
| Wind Rider | 56 | |
| Giant Sea Turtle | 5 | |
| Mur'gul Snarecaster | 1 | |
87 total
» upgrades
| Armor | 2 | |
| Spiked Barricades | 2 | |
| Ranged Weapons | 1 | |
| Envenomed Spears | 2 | |
7 total
» buildings
| Altar of Storms | 2 | |
| Orc Burrow | 10 | |
| War Mill | 2 | |
| Voodoo Lounge | 2 | |
| Stronghold | 1 | |
| Watch Tower | 64 | |
| Beastiary | 2 | |
| Fortress | 1 | |
| Great Hall | 2 | |
86 total
» build order
00:08 Altar of Storms
00:16 Orc Burrow
01:16 War Mill
02:01 Voodoo Lounge
02:27 Orc Burrow
02:45 Stronghold
03:12 Watch Tower
04:24 Watch Tower
05:32 Watch Tower
06:30 Beastiary
07:31 Watch Tower
08:54 Watch Tower
10:03 Watch Tower
11:32 Orc Burrow
11:54 Watch Tower
13:15 Watch Tower
14:22 Watch Tower
15:33 Watch Tower
16:42 Watch Tower
17:48 Fortress
19:32 Watch Tower
21:08 Orc Burrow
21:52 Watch Tower
23:17 Watch Tower
24:11 Orc Burrow
24:55 Watch Tower
26:06 Watch Tower
27:20 Watch Tower
27:47 Orc Burrow
28:33 Watch Tower
28:46 Orc Burrow
28:56 Great Hall
29:00 Watch Tower
29:06 Watch Tower
29:10 Watch Tower
29:14 Watch Tower
29:41 Watch Tower
30:08 Orc Burrow
30:47 Watch Tower
30:53 Watch Tower
30:57 Watch Tower
32:10 Watch Tower
32:24 Watch Tower
32:32 Watch Tower
33:02 Beastiary
33:57 Altar of Storms
34:08 Watch Tower
34:53 War Mill
35:12 Orc Burrow
36:05 Orc Burrow
36:14 Watch Tower
36:19 Watch Tower
36:22 Watch Tower
36:26 Watch Tower
36:30 Watch Tower
36:33 Watch Tower
36:37 Watch Tower
36:41 Watch Tower
36:45 Watch Tower
37:07 Watch Tower
37:30 Watch Tower
37:34 Watch Tower
38:11 Watch Tower
38:14 Watch Tower
38:24 Watch Tower
38:28 Watch Tower
38:33 Watch Tower
39:21 Watch Tower
39:28 Watch Tower
40:48 Watch Tower
40:56 Watch Tower
41:06 Watch Tower
41:16 Watch Tower
41:44 Voodoo Lounge
44:39 Watch Tower
45:11 Great Hall
45:52 Watch Tower
47:02 Watch Tower
48:11 Watch Tower
50:22 Watch Tower
50:42 Watch Tower
51:30 Watch Tower
51:48 Watch Tower
52:22 Watch Tower
52:43 Watch Tower
53:13 Watch Tower
» items
| Healing Salve | 9 | |
| Lesser Clarity Potion | 1 | |
| Potion of Healing | 9 | |
| Circlet of Nobility | 2 | |
| Gloves of Haste | 2 | |
| Scroll of Town Portal | 5 | |
| Orb of Lightning | 1 | |
29 total
Chat log
(06:03 / Allies) 13fr6: cancel
(06:16 / Allies) kiggatron: cancel that one...
(07:54 / Allies) kiggatron: really wanna play this game?
(07:58 / Allies) 13fr6: no
(08:00 / Allies) 13fr6: keave me alone
(08:10 / Allies) kiggatron: better cancel...
(08:16 / Allies) 13fr6: no
(08:23 / Allies) Compote: play pliz
(09:07 / Allies) kiggatron: lol have fun...
(09:31 / Allies) 13fr6: i will take this one then
(09:40 / Allies) kiggatron: lol
(09:44 / Allies) kiggatron: with your town hall...
(09:46 / Allies) kiggatron: sorry green and orange
(09:47 / Allies) 13fr6: and i will win this game
(09:50 / Allies) kiggatron: we got stuck with a retard..
(12:35 / Allies) kiggatron: i have to kill red first...
(13:10 / Allies) 13fr6: need aa
(13:15 / Allies) 13fr6: wood for dhawk
(13:15 / Allies) 13fr6: fsat
(13:58 / Allies) 13fr6: hit
(14:33 / Allies) kiggatron: lol
(14:50 / Allies) 13fr6: omw
(14:52 / Allies) 13fr6: b up
(15:16 / Allies) 13fr6: nice
(15:40 / Allies) Compote: follow
(15:51 / Allies) Compote: FOLLOW
(16:54 / All) KamilPL: gg we have fuck yellow noob now he wont go 3 v 2
(16:59 / All) 13fr6: lollll
(17:10 / All) kiggatron: lol we have idiot team killer
(17:10 / All) 13fr6: yo teal can u believe this hsit
(17:17 / Allies) kiggatron: lol no
(17:18 / Allies) kiggatron: hahaa
(17:23 / All) KamilPL: fuck moron he back
(18:03 / All) kiggatron: you guys are terrible
(18:18 / All) KamilPL: ofc fuck noob stay back yellow he havend units
(18:39 / All) KamilPL: me and purple go with one line to orange yellow stay back and we lose
(18:42 / Allies) Compote: GOGOGO
(19:32 / Allies) 13fr6: fattass pitlord trapped in my base
(19:37 / Allies) kiggatron: dumbass
(19:53 / Allies) kiggatron: we would have won if you hadn't killed me
(19:54 / Allies) 13fr6: teal need this mine too
(19:58 / Allies) kiggatron: and you still suck
(20:17 / Allies) 13fr6: i have my base and 3 expos
(20:21 / Allies) 13fr6: what do u have lol
(20:29 / Allies) kiggatron: more skill
(20:39 / All) KamilPL: lol gj yellow
(21:35 / Allies) Compote: gold for tp pliz fast
(21:59 / Allies) 13fr6: go on yellow expo
(22:00 / Allies) 13fr6: i have cloud
(22:16 / All) 13fr6: u nigger
(22:19 / All) 13fr6: dont fuck with my expos
(22:29 / All) Compote: stop focus shit noobs
(22:32 / All) Compote: delete
(22:45 / All) Compote: noobs
(22:47 / All) Compote: leave
(22:55 / All) KamilPL: yellow is fuck noob....
(23:01 / Allies) 13fr6: tp to next one
(23:02 / All) Compote: fu and leave pluiz
(23:51 / All) KamilPL: FUCK YELLOW
(24:14 / All) KamilPL: lol pink xD
(24:15 / All) KamilPL: omg
(24:16 / All) KamilPL: xD
(24:23 / All) KamilPL: no tp xD
(24:35 / All) KamilPL: gj pink
(25:00 / All) KamilPL: green pink delete your base xD
(25:02 / All) KamilPL: haha
(25:48 / Allies) kiggatron: you're terrible red
(26:13 / Allies) 13fr6: get their expos
(26:37 / All) Compote: watch replay
(26:44 / All) 13fr6: why
(26:49 / All) Compote: 2 FUCKING TK HERE
(26:57 / All) 13fr6: i killed teal
(27:00 / All) 13fr6: he was a jew about gold
(27:04 / All) 13fr6: he wanted dem shekels
(27:09 / All) 13fr6: i was like naw dawg
(27:11 / All) 13fr6: hustlers only
(27:15 / Allies) kiggatron: lol you already had an expo..
(27:17 / Allies) kiggatron: and you still suck
(27:20 / Allies) kiggatron: with 2 expos..
(27:22 / Allies) 13fr6: i wanted another
(27:43 / All) 13fr6: purp i dont want u havin no mines
(28:27 / Allies) 13fr6: wood pls
(28:56 / All) 13fr6: biiiiitch
(29:18 / All) 13fr6: ur a nigga
(29:19 / All) 13fr6: i was busy
(29:24 / All) 13fr6: why d u make me tp
(29:40 / All) kiggatron: you lose cuz you suck
(29:44 / All) kiggatron: you playing 4v2
(29:49 / All) kiggatron: 4v3 but red a noob
(29:55 / All) Compote: total humiliate
(29:56 / All) 13fr6: im gonna get the highest score lol
(30:04 / All) Compote: no me red
(30:07 / Allies) kiggatron: id hope so, 3 expos
(30:09 / Allies) kiggatron: but leve 3 hero??
(30:20 / Allies) 13fr6: aaa
(30:21 / Allies) 13fr6: help
(30:28 / Allies) Compote: cata
(30:29 / Allies) Compote: mortar
(30:31 / Allies) Compote: fast
(30:34 / Allies) Compote: pliz
(31:00 / All) KamilPL: xD
(31:15 / Allies) 13fr6: check all mines
(33:22 / All) 13fr6: nice towas nigga
(34:34 / All) 13fr6: nigga i left u alone
(34:37 / All) 13fr6: and u bs me?>
(34:51 / All) 13fr6: do u even know how to play teal
(34:54 / All) 13fr6: guys watch this replay honestly
(34:55 / Allies) kiggatron: ok crackerjack
(35:49 / All) 13fr6: so funny teal
(35:58 / All) 13fr6: u thought u could assert dominance over me by denying me that expo
(36:05 / All) 13fr6: instead i crushed u and crushed the enemy
(36:11 / All) 13fr6: and will take the high schore in every category
(36:12 / Allies) kiggatron: very gay statement i must say
(36:17 / All) kiggatron: "assert dominance" lol
(36:26 / Allies) kiggatron: need some pussy in yo life fam
(36:37 / Allies) 13fr6: true true
(38:03 / Allies) 13fr6: this is the life
(38:05 / Allies) 13fr6: crushin you
(38:11 / Allies) 13fr6: \why i let u rebuild
(38:36 / Allies) 13fr6: lolll
(38:39 / Allies) 13fr6: rebuild your hero teal
(38:42 / Allies) 13fr6: here i will even gold u
(40:26 / All) kiggatron: LOLOL
(40:33 / All) kiggatron: told you hes nub
(40:48 / All) kiggatron: bm v army....bm wins haha
(41:00 / Allies) 13fr6: oj
(41:01 / Allies) 13fr6: cancel pls
(41:07 / Allies) 13fr6: jk
(41:14 / Allies) 13fr6: ok ill expo there thanks
(41:22 / Allies) 13fr6: see teal
(41:26 / Allies) kiggatron: haha, they'll prob win now
(41:27 / Allies) 13fr6: if ud just let me have the expo....
(41:29 / Allies) kiggatron: because you suck
(42:41 / All) 13fr6: fuck u heros
(42:43 / Allies) kiggatron: lol red
(42:45 / Allies) kiggatron: you suck so much
(43:06 / Allies) 13fr6: gold pls
(44:29 / Allies) 13fr6: lol need gold
(45:12 / Allies) 13fr6: cripled
(46:18 / Allies) Compote: make FUCKING MORTAR
(46:37 / Allies) kiggatron: get wisp idiots
(46:43 / Allies) 13fr6: green
(46:45 / Allies) 13fr6: get the wisp
(47:45 / Allies) kiggatron: wisp you idiot red
(47:48 / Allies) kiggatron: just walked by your hero
(47:50 / Allies) kiggatron: damn you suck
(49:08 / Allies) 13fr6: this game is boring
(49:10 / Allies) 13fr6: im suiciding
(49:15 / Allies) Compote: attack pink FUCK
(49:29 / Allies) 13fr6: i forgot about u green
(50:30 / Allies) 13fr6: ty
(51:10 / Allies) 13fr6: we are on the verge of losing this game
(51:24 / Allies) Compote: all the map is for u... finish the game pliz ffs
(52:51 / Allies) Compote: damn guys u suck
(52:59 / Allies) Compote: why no finish ???
(53:08 / Allies) 13fr6: its hard ok
(53:10 / Allies) 13fr6: were nooob
(53:22 / Allies) Compote: MAKE CATA AND MORTAR
(53:24 / Allies) Compote: FUCK
(53:28 / Allies) 13fr6: no i got dhawksss
(53:29 / Allies) 13fr6: soon
(53:32 / Allies) 13fr6: but need gold
(53:39 / Allies) 13fr6: hit his fucking expo
(53:40 / Allies) 13fr6: omg
(53:45 / Allies) 13fr6: hes had that for 15 min
(54:21 / Allies) Compote: send
(54:23 / Allies) 13fr6: oj gold me
(54:23 / Allies) Compote: giants
(55:57 / Allies) 13fr6: we wil llose
(55:59 / Allies) 13fr6: green
(56:01 / Allies) 13fr6: if u dont hit their expos
(56:04 / Allies) 13fr6: and oj
(56:08 / Allies) 13fr6: forget about pinks main
(56:10 / Allies) 13fr6: hit the gold mines
(56:12 / Allies) 13fr6: its all about gold
(57:35 / Allies) 13fr6: hit this mine lol
(59:58 / Allies) 13fr6: lol
(60:00 / Allies) 13fr6: this game is fucked
(60:14 / All) Compote: WHAT A BORING GAME LEAVE
(60:28 / All) 13fr6: its funny that 2 are still there lol
(61:50 / All) 13fr6: so hapy i killed teal and still won
(61:54 / All) 13fr6: lol
(63:40 / All) 13fr6: found u nigga
(63:52 / All) 13fr6: we outgold u
(63:55 / All) 13fr6: we outdicksize u